 Dungeon Crawl Stone Soup version 0.28-a0-46-g7b1be97da7 (webtiles) character file.

Game seed: 16551053346428850953

54 HAL9000 the Sneak (level 3, 0/18 HPs)
             Began as a Vine Stalker Brigand on July 29, 2021.
             Slain by a wight (3 damage)
             ... on level 5 of the Dungeon.
             The game lasted 00:00:32 (328 turns).

HAL9000 the Sneak (Vine Stalker Brigand)             Turns: 328, Time: 00:00:33

Health: 0/18       AC:  3    Str: 14    XL:     3   Next: 91%
Magic:  0/4        EV: 11    Int: 11    God:
Gold:   0          SH:  0    Dex: 15    Spells: 2/2 levels left

rFire   . . .      SeeInvis .   a - +2 dagger
rCold   . . .      Faith    .   (no shield)
rNeg    . . .      Spirit   +   b - +0 robe
rPois   .          Reflect  .   (no helmet)
rElec   .          Harm     .   c - +0 cloak
rCorr   .          Rampage  .   (no gloves)
Will    .....                   (no boots)
Stlth   +++.......              (no amulet)
HPRegen 0.06/turn               (no ring)
MPRegen 0.09/turn               (no ring)

@: no status effects
A: fangs 2, magic shield, antimagic bite, no potion heal 2
a: no special abilities


You were on level 5 of the Dungeon.
You visited 1 branch of the dungeon, and saw 4 of its levels.

Inventory:

Hand Weapons
 a - a +2 dagger (weapon)
Missiles
 d - 8 poisoned darts (quivered)
 e - 2 curare-tipped darts
Armour
 b - a +0 robe (worn)
 c - a +0 cloak (worn)
Scrolls
 f - a scroll of summoning {unknown}
Potions
 g - a potion of might {unknown}


   Skills:
 - Level 1.7 Fighting
 - Level 1.7 Short Blades
 + Level 3.7 Throwing
 - Level 0.7 Dodging
 - Level 4.8 Stealth


You had 2 spell levels left.
You didn't know any spells.
Your spell library was empty.

Dungeon Overview and Level Annotations

Branches:
Dungeon (5/15)
 Temple: D:4-7

Altars:


Innate Abilities, Weirdness & Mutations

You have extremely sharp teeth.
When hurt, damage is shared between your health and your magic reserves.
Your bite disrupts and absorbs the magic of your enemies.
Potions cannot restore your health.


Message History

The rat bites you. The jackal barely misses you. The jackal barely misses you.
The goblin hits you with a +0 club.
Found 17 sling bullets.
There is a shaft here.
You fall into a shaft and drop 2 floors!
The shaft crumbles and collapses.
A hobgoblin and 5 wights come into view.
Found a stone staircase leading down.
Unknown command.
The helpless wight fails to defend itself.
You impale the wight!!
You destroy the wight!
Your Throwing skill increases to level 3!
You have reached level 3!
Your experience leads to an increase in your attributes!
Increase (S)trength, (I)ntelligence, or (D)exterity?
You feel stronger.
Unknown command.
The hobgoblin shouts!
The wight barely misses you. The wight barely misses you.
The hobgoblin closely misses you. The hobgoblin closely misses you.
There is a stone staircase leading down here.
The wight completely misses you. The hobgoblin hits you.
You climb downwards.
There is a stone staircase leading up here.
Unknown command.
You closely miss the hobgoblin. The wight barely misses you. x2
The hobgoblin misses you.
You hit the hobgoblin.
The hobgoblin is lightly wounded.
The wight hits you with a +0 falchion!
* * * LOW HITPOINT WARNING * * *
The wight barely misses you. The hobgoblin hits you.
* * * LOW HITPOINT WARNING * * *
You barely miss the hobgoblin. Your bite misses the hobgoblin.
The hobgoblin is lightly wounded.
The wight hits you with a +0 falchion.
You die...

### . #.#
...
#z##.....
#@z......
#g##.....
#.# ...
#.# . #.#
#.# #.#
#.#


You could see 2 wights and a hobgoblin.

Vanquished Creatures
  A wight (D:4)
  A dart slug (D:1)
  A giant cockroach (D:1)
  A hobgoblin (D:1)
  4 jackals (D:1)
  2 quokkas (D:1)
  A frilled lizard (D:1)
  A rat (D:1)
12 creatures vanquished.

Notes
Turn   | Place    | Note
-------+----------+-------------------------------------------
     0 | D:1      | HAL9000 the Vine Stalker Brigand began the quest for the
                  | Orb.
     0 | D:1      | Reached XP level 1. HP: 11/11 MP: 2/2
    69 | D:1      | Reached XP level 2. HP: 13/15 MP: 3/3
   295 | D:1      | You fall into a shaft and drop 1 floor!
   313 | D:2      | You fall into a shaft and drop 2 floors!
   313 | D:4      | Noticed a wight
   313 | D:4      | Noticed a wight
   313 | D:4      | Noticed a wight
   313 | D:4      | Noticed a wight
   313 | D:4      | Noticed a wight
   314 | D:4      | Killed a wight
   315 | D:4      | Reached XP level 3. HP: 11/18 MP: 2/4
   325 | D:5      | Entered Level 5 of the Dungeon
   328 | D:5      | Slain by a wight

Illustrated notes

Levels and vault maps discovered:
D:1:      amcnicky_arrival_single_pillar, layout_basic,
          dreamdust_ecumenical_altar_sealed_demon, minivault_4
D:2:      layout_basic
D:4:      layout_gridville, uniq_blork_the_orc
D:5:      layout_basic, minmay_bent, uniq_eustachio

Skill      XL: |  1  2 |
---------------+-------+-----
Throwing       | 2 3 |  3.7
Fighting       | |  1.7
Short Blades   | |  1.7
Dodging        | |  0.7
Stealth        | |  4.8

Action                   || total
-------------------------++-------
Melee: Dagger            ||    41
       Bite              ||     9
 Stab: Sleeping          ||     1
Armor: Robe              ||     7
Dodge: Dodged            ||    39

Table legend: (Time is in decaauts)
 A = Elapsed time spent in this place.
 B = Non-inter-level travel time spent in this place.
 C = Inter-level travel time spent in this place.
 D = Time resting spent in this place.
 E = Time spent auto-exploring this place.
 F = Levels seen in this place.
 G = Mean time per level.
                   A        B        C        D        E       F      G
               +--------+--------+--------+--------+--------+-----+--------+
         Total |    324 |    324 |      0 |      0 |    228 |   4 |   81.0 |
       Dungeon |    324 |    324 |      0 |      0 |    228 |   4 |   81.0 |
               +--------+--------+--------+--------+--------+-----+--------+

Top non-repeatable levels by time:
     D:1: 292 daAuts
     D:2: 17 daAuts
     D:4: 11 daAuts
     D:5: 2 daAuts
